 Dungeon Crawl Stone Soup version 0.19-a0-1834-g6b7851e (webtiles) character file.

56365 junb69 the Thaumaturge (level 14, -21/101 HPs)
             Began as an Octopode Conjurer on Oct 6, 2016.
             Was a High Priest of Sif Muna.
             Demolished by Urug
             ... wielding a +4 glaive
              (27 damage)
             ... while paralysed by an orc sorcerer
             ... on level 1 of the Orcish Mines on Oct 8, 2016.
             The game lasted 01:38:08 (36308 turns).

junb69 the Thaumaturge (Octopode Conjurer)         Turns: 36308, Time: 01:38:09

Health: -21/101    AC:  3    Str:  7    XL:     14   Next: 81%
Magic:  45/45      EV:  2    Int: 23    God:    Sif Muna [*****.]
Gold:   1283       SH:  0    Dex: 13    Spells: 5 memorised, 23 levels left

rFire  . . .     SeeInvis .     n - staff of power
rCold  . . .     Gourm    .     (no shield)
rNeg   . . .     Faith    .     O - +2 hat
rPois  +         Spirit   .     (no amulet)
rElec  .         Dismiss  .     z - +3 ring of dexterity
rCorr  +         Reflect  .     w - ring of stealth
MR     +....     Harm     .     L - ring of resist corrosion
Stlth  +++++.....               V - ring of poison resistance
                                (no ring)
                                (no ring)
                                (no ring)
                                (no ring)

@: paralysed
A: almost no armour, stealthy swim, amphibious, 8 rings, constrict 8, camouflage
1, blink, clumsy 1, slow regeneration 1, gelatinous body 1
a: Blink, Divine Energy, Channel Magic, Forget Spell, Renounce Religion


You were on level 1 of the Orcish Mines.
You worshipped Sif Muna.
Sif Muna was extremely pleased with you.
You were not hungry.

You visited 4 branches of the dungeon, and saw 21 of its levels.
You also visited: Ice Cave.

You collected 1419 gold pieces.
You spent 136 gold pieces at shops.

Inventory:

Hand Weapons
 I - a +9 scimitar of electrocution
Missiles
 B - 2 throwing nets (quivered)
Armour
 O - a +2 hat (worn)
Magical Staves
 n - an uncursed staff of power (weapon)
Jewellery
 w - a ring of stealth (right tentacle)
 z - a +3 ring of dexterity (left tentacle)
 L - a ring of resist corrosion (on tentacle)
 V - a ring of poison resistance (on tentacle)
Wands
 i - a wand of confusion (14/48)
 j - a wand of iceblast (3/15)
 o - a wand of confusion (24/48)
 s - a wand of lightning (10/15)
 t - a wand of paralysis (0/24)
 x - a wand of digging (11/24)
 D - a wand of flame (20/48)
 E - a wand of iceblast (5/15)
 K - a wand of acid (6/15)
 R - a wand of acid (4/15)
 T - a wand of disintegration (16/24)
Scrolls
 d - 13 scrolls of remove curse
 f - 2 scrolls of enchant armour
 k - 2 scrolls of magic mapping
 l - 3 scrolls of recharging
 y - 5 scrolls of amnesia
 C - a scroll of vulnerability
 F - 4 scrolls of fog
 M - 2 scrolls of immolation
 S - 3 scrolls of identify
 U - a scroll of teleportation
Potions
 e - 5 potions of lignification
 g - 2 potions of agility {unknown}
 h - a potion of brilliance
 m - 4 potions of flight {unknown}
 p - 2 potions of heal wounds
 r - 2 potions of beneficial mutation {unknown}
 v - 3 potions of haste
 A - 3 potions of curing
 G - 2 potions of magic {unknown}
 H - a potion of cancellation {unknown}
 J - a potion of mutation {unknown}
 N - 2 potions of might
 Q - a potion of ambrosia {unknown}
 W - a potion of invisibility {unknown}
Books
 a - a book of Conjurations

   Spells                             Type                      Level
   a - Magic Dart                     Conjuration                  1
   b - Searing Ray                    Conjuration                  2
   c - Dazzling Spray                 Conjuration/Hexes            3
   d - Fulminant Prism                Conjuration/Hexes            4
   e - Iskenderun's Mystic Blast      Conjuration                  4
   f - Iskenderun's Battlesphere      Conjuration/Charms           5
Comestibles
 b - 7 bread rations
 c - 5 meat rations
 q - 6 beef jerkies
 u - 3 slices of pizza


   Skills:
 - Level 11.5 Fighting
 - Level 5.8 Long Blades
 - Level 10.1 Dodging
 * Level 4.2 Stealth
 - Level 12.8 Spellcasting
 - Level 10.5 Conjurations
 - Level 7.1 Charms
 * Level 5.6 Invocations
 - Level 6.0 Evocations


You had 23 spell levels left.
You knew the following spells:

 Your Spells              Type           Power        Failure   Level  Hunger
a - Magic Dart            Conj           ####         1%          1    None
b - Searing Ray           Conj           ######       1%          2    None
c - Iskenderun's Battles  Conj/Chrm      ######..     3%          5    ###....
d - Dazzling Spray        Conj/Hex       #####.       1%          3    None
e - Iskenderun's Mystic   Conj           ######..     1%          4    None


Dungeon Overview and Level Annotations

Branches:
Dungeon (13/15)            Temple (1/1) D:7            Lair (6/6) D:10
 Shoals (0/4) Lair:4        Snake (0/4) Lair:3        Slime (0/5) Lair:5
    Orc (1/2) D:11
 Vaults: D:13-14

Altars:
Cheibriados
Dithmenos
Elyvilon
Fedhas
Gozag
Hepliaklqana
Makhleb
Nemelex Xobeh
Okawaru
Qazlal
Ru
Sif Muna
Trog
Uskayaw
Vehumet
Xom
Yredelemnul
Zin
The Shining One

Shops:
D:5 %   D:7 (   D:12 !

Annotations:
D:8 Erica
D:11 1 runed door
D:13 4 runed doors
Lair:4 exclusion: oklob plant
Orc:1 Urug


Innate Abilities, Weirdness & Mutations

You cannot wear most types of armour.
You are very stealthy in the water. (Stealth+)
You are amphibious.
You can wear up to eight rings at the same time.
You can use your tentacles to constrict eight enemies at once.
Your skin changes colour to match your surroundings (Stealth+).
Your rubbery body absorbs attacks. (AC +1, EV +1)
You can translocate small distances at will.
You are clumsy. (Dex -2)
You regenerate slowly when monsters are visible.


Message History

Confirm with . or Enter, or press ? or * to list all spells.
Aiming: Magic Dart
Press: ? - help, Shift-Dir - straight line, f - Urug
Aim: Urug, wielding an enchanted glaive and wearing a scale mail (resting)
The magic dart hits Urug.
Urug is lightly wounded.
The orc sorcerer shouts!
The orc sorcerer points at you and mumbles some strange words.
You suddenly lose the ability to move!
Urug hits you with an enchanted glaive.
Urug hits you with an enchanted glaive!!
The warg howls!
The orc sorcerer casts a spell.
Urug howls with blood-lust.
Urug hits you with an enchanted glaive!!
The orc knight shouts!
Urug hits you with an enchanted glaive!
Urug hits you with an enchanted glaive!!
* * * LOW HITPOINT WARNING * * *
Urug hits you with an enchanted glaive!!
You die...

.#.####.# .
....#... ..
......### # ...
..... .##.#
....#.....4.. .
........#..#...
.$.....o...oo.#
.......@oh.#
..........##
.......#....#
##..... .....#
..#.... ..$.##
....... ###.#
....... $.
.....#. ##


You could see an orc knight, Urug, a chaos spawn, a warg, an orc sorcerer and an
orc warrior.

Vanquished Creatures
  Fannar (D:11)
  A catoblepas (Lair:4)
  4 hydras
  An anaconda (Lair:4)
  A centaur warrior (D:13)
  8 death yaks
  2 unseen horrors
  4 hill giants
  A deep elf mage (D:13)
  3 cyclopes
  2 ugly things
  8 elephants
  Maurice (D:11)
  A black mamba (Lair:4)
  A siren (Lair:4)
  Psyche (D:9)
  A torpor snail (Lair:3)
  2 rime drakes
  A gargoyle (D:11)
  5 spiny frogs
  3 komodo dragons
  3 merfolk (Lair:4)
  A troll (D:11)
  6 slime creatures
  2 two-headed ogres
  20 blink frogs
  A hornet (D:13)
  10 dream sheep
  9 hippogriffs
  9 wyverns
  A human (D:7)
  2 shadows (D:11)
  A wraith (D:11)
  46 yaks
  A basilisk (Lair:5)
  3 hogs (D:7)
  3 hungry ghosts
  3 vampire mosquitoes (D:12)
  8 porcupines
  2 nagas (Lair:3)
  15 water moccasins
  A hornet zombie (D:6)
  14 orc warriors
  11 ice beasts
  2 phantoms
  3 sky beasts
  3 necrophages
  A black bear (D:10)
  An eye of draining (D:10)
  4 wolves (Lair:1)
  6 ogres
  16 centaurs
  2 big kobolds
  10 crocodiles
  Blork the orc (D:4)
  11 bullfrogs
  A wyvern zombie (D:12)
  3 scorpions
  10 killer bees
  5 howler monkeys
  3 wights (D:11)
  6 crimson imps
  A bullfrog zombie (D:11)
  5 jellies
  4 centaur zombies
  3 bullfrog skeletons
  2 centaur skeletons
  12 orc wizards
  A gnoll shaman (D:5)
  15 orc priests
  10 hounds
  9 iguanas
  Natasha (twice) (D:2)
  10 worker ants
  2 killer bee zombies
  2 hound zombies
  Robin (D:2)
  13 gnolls
  12 adders
  2 shadow imps (D:6)
  4 oozes
  An adder zombie (D:6)
  3 adder skeletons
  2 worms (D:2)
  2 dart slugs
  6 leopard geckos
  50 orcs
  4 ball pythons
  9 bats
  5 giant cockroaches
  19 goblins
  7 hobgoblins
  3 jackals
  11 quokkas
  8 frilled lizards
  A jackal zombie (D:8)
  21 kobolds
  A leopard gecko zombie (D:8)
  5 rats
  A fungus (Lair:5)
581 creatures vanquished.

Vanquished Creatures (others)
  A bush (Lair:3)
  49 fungi
  28 plants
78 creatures vanquished.

Grand Total: 659 creatures vanquished

Notes
Turn   | Place    | Note
-------+----------+-------------------------------------------
     0 | D:1      | junb69 the Octopode Conjurer began the quest for the Orb.
     0 | D:1      | Reached XP level 1. HP: 11/11 MP: 3/3
   168 | D:1      | Reached XP level 2. HP: 10/17 MP: 0/5
   596 | D:1      | Learned a level 2 spell: Searing Ray
   924 | D:1      | Reached skill level 5 in Conjurations
   924 | D:1      | Reached XP level 3. HP: 2/21 MP: 1/6
  2013 | D:2      | Reached XP level 4. HP: 27/27 MP: 1/7
  2109 | D:2      | Found a glowing golden altar of the Shining One.
  2507 | D:2      | Noticed Robin
  2707 | D:2      | Killed Robin
  2874 | D:2      | Found an iron altar of Okawaru.
  2877 | D:2      | Reached XP level 5. HP: 31/31 MP: 1/9
  2979 | D:2      | Reached skill level 3 in Spellcasting
  3049 | D:2      | Learned a level 5 spell: Iskenderun's Battlesphere
  3102 | D:2      | Noticed Natasha
  3131 | D:2      | Killed Natasha
  3207 | D:2      | Reached skill level 1 in Charms
  3472 | D:2      | Noticed Natasha
  3487 | D:2      | Killed Natasha
  3646 | D:3      | Reached XP level 6. HP: 36/36 MP: 7/11
  3996 | D:3      | Reached skill level 4 in Spellcasting
  4452 | D:3      | Found a sparkling altar of Nemelex Xobeh.
  4704 | D:4      | Noticed Blork the orc
  4974 | D:4      | Killed Blork the orc
  4974 | D:4      | Reached XP level 7. HP: 41/41 MP: 6/13
  5478 | D:4      | Reached skill level 5 in Spellcasting
  6517 | D:4      | Got a wavering ivory ring
  6643 | D:4      | Found a bloodstained altar of Trog.
  6716 | D:5      | Entered Level 5 of the Dungeon
  6724 | D:5      | Reached XP level 8. HP: 36/46 MP: 10/16
  7089 | D:5      | Reached skill level 5 in Charms
  7170 | D:5      | Found Huowelyn's Food Shoppe.
  7257 | D:5      | Reached skill level 6 in Spellcasting
  8396 | D:6      | Identified the ring of Trepidation {*Tele rN+ Str+8} (You took it off an orc wizard on level 4 of the Dungeon)
  8473 | D:6      | HP: 2/46 [hornet zombie (12)]
  9353 | D:6      | Reached XP level 9. HP: 43/51 MP: 10/18
 11023 | D:7      | Reached skill level 1 in Fighting
 11268 | D:7      | Reached skill level 7 in Spellcasting
 11810 | D:7      | Found Kuutoiff's Antique Weapon Boutique.
 11817 | D:7      | Bought a glowing scimitar for 136 gold pieces
 11819 | D:7      | Found a staircase to the Ecumenical Temple.
 11828 | Temple   | Entered the Ecumenical Temple
 11843 | Temple   | Became a worshipper of Sif Muna the Loreminder
 12118 | D:8      | Reached XP level 10. HP: 49/63 MP: 8/21
 12408 | D:8      | Noticed Erica
 13420 | D:8      | Upgraded the game from 0.19-a0-1821-g42c593c to 0.19-a0-1827-g174f941
 13882 | D:9      | Reached skill level 8 in Spellcasting
 13891 | D:9      | Noticed Psyche
 13936 | D:9      | Killed Psyche
 13938 | D:9      | Reached skill level 5 in Fighting
 14143 | D:9      | Reached * piety under Sif Muna
 14364 | D:9      | Reached skill level 5 in Dodging
 15069 | D:9      | Found a glowing silver altar of Zin.
 15071 | D:9      | Found a basalt altar of Yredelemnul.
 15074 | D:9      | Found a stormy altar of Qazlal.
 15074 | D:9      | Found a hazy altar of Hepliaklqana.
 15076 | D:9      | Found a blossoming altar of Fedhas.
 15077 | D:9      | Found a snail-covered altar of Cheibriados.
 15141 | D:10     | Entered Level 10 of the Dungeon
 15464 | D:10     | Reached XP level 11. HP: 28/72 MP: 9/23
 15676 | D:10     | Reached skill level 9 in Spellcasting
 16429 | D:10     | Reached ** piety under Sif Muna
 16786 | D:10     | Gained mutation: One of your tentacles bears a spike. [mutagenic meat]
 16789 | D:10     | Gained mutation: You are clumsy. (Dex -2) [mutagenic meat]
 16792 | D:10     | Gained mutation: You tend to lose your temper in combat. [mutagenic meat]
 16795 | D:10     | Gained mutation: You are robust. (+10% HP) [mutagenic meat]
 16798 | D:10     | Lost mutation: You are robust. (+10% HP) [mutagenic meat]
 16801 | D:10     | Gained mutation: You regenerate slowly when monsters are visible. [mutagenic meat]
 16999 | D:10     | Found a staircase to the Lair.
 17114 | Lair:1   | Entered Level 1 of the Lair of Beasts
 17574 | Lair:1   | Found a blossoming altar of Fedhas.
 18110 | Lair:2   | Reached skill level 1 in Evocations
 19200 | Lair:3   | Noticed a death yak
 19200 | Lair:3   | Noticed a death yak
 19200 | Lair:3   | Noticed a death yak
 19200 | Lair:3   | Noticed a death yak
 19200 | Lair:3   | Noticed a death yak
 19200 | Lair:3   | Noticed a death yak
 19570 | Lair:3   | Reached XP level 12. HP: 84/84 MP: 20/25
 19680 | Lair:3   | Found a frozen archway.
 19803 | IceCv    | Entered an ice cave
 19828 | IceCv    | Reached skill level 5 in Evocations
 20526 | Lair:3   | Found a staircase to the Snake Pit.
 21253 | Lair:3   | Killed a death yak
 21433 | Lair:3   | Killed a death yak
 21607 | Lair:3   | Killed a death yak
 21607 | Lair:3   | Reached skill level 10 in Spellcasting
 21726 | Lair:3   | Killed a death yak
 21726 | Lair:3   | Reached skill level 10 in Fighting
 22883 | Lair:4   | Reached *** piety under Sif Muna
 23478 | Lair:4   | Reached skill level 1 in Invocations
 23700 | Lair:4   | Reached XP level 13. HP: 55/93 MP: 7/27
 23722 | Lair:4   | Reached skill level 11 in Spellcasting
 24604 | Lair:4   | Found a staircase to the Shoals.
 24785 | Lair:4   | Reached skill level 5 in Invocations
 25772 | Lair:5   | Found a staircase to the Slime Pits.
 26272 | D:11     | Found a runed door.
 26272 | D:11     | Noticed a storm dragon
 26272 | D:11     | Noticed a deep elf annihilator
 26272 | D:11     | Noticed a fire giant
 26280 | D:11     | Noticed an ettin
 26283 | D:11     | Noticed a vampire knight
 26345 | D:11     | Found a staircase to the Orcish Mines.
 26358 | D:11     | Noticed Fannar
 26358 | D:11     | Noticed Maurice
 26458 | D:11     | Reached skill level 1 in Long Blades
 26467 | D:11     | Killed Maurice
 26467 | D:11     | Reached **** piety under Sif Muna
 26806 | D:11     | Killed Fannar
 27153 | D:11     | Reached skill level 12 in Spellcasting
 27650 | D:11     | Learned a level 3 spell: Dazzling Spray
 27651 | Orc:1    | Entered Level 1 of the Orcish Mines
 27651 | Orc:1    | Noticed Urug
 27895 | D:12     | Found Biulimm's Distillery.
 28653 | D:12     | Lost mutation: You tend to lose your temper in combat. [mutagenic meat]
 28656 | D:12     | Gained mutation: You can translocate small distances at will. [mutagenic meat]
 29866 | D:13     | Reached XP level 14. HP: 76/101 MP: 30/30
 29901 | D:13     | Lost mutation: One of your tentacles bears a spike. [mutagenic meat]
 30434 | D:13     | Found a huge runed gate.
 30654 | D:13     | Found a huge runed gate.
 30655 | D:13     | Found a huge runed gate.
 30655 | D:13     | Found a huge runed gate.
 30774 | D:13     | Reached skill level 5 in Long Blades
 32046 | D:13     | Upgraded the game from 0.19-a0-1827-g174f941 to 0.19-a0-1834-g6b7851e
 32051 | D:13     | Learned a level 4 spell: Iskenderun's Mystic Blast
 33321 | Lair:5   | Reached skill level 10 in Dodging
 34152 | Lair:5   | Reached skill level 10 in Conjurations
 35826 | Lair:6   | Entered Level 6 of the Lair of Beasts
 35830 | Lair:6   | Reached ***** piety under Sif Muna
 36302 | Orc:1    | Paralysed by an orc sorcerer for 7 turns
 36308 | Orc:1    | Demolished by Urug

Vault maps used:
D:1:      dpeg_cavernosity, kennysheep_minor_cross, minmay_strange_pillars,
          minmay_misc_feat_cross
D:2:      okawaru_altar_gauntlet_db, first_bread, nicolae_tso_carved_into_rock,
          uniq_natasha, uniq_robin
D:3:      nemelex_xobeh_ov_fountains_minmay
D:4:      trog_book, uniq_blork_the_orc
D:5:      serial_shops, kennysheep_mini, st_stairs_11
D:7:      serial_shops, nicolae_shop_statue_plus, grunt_livestock,
          minmay_stone_trees_medium
D:8:      uniq_erica
D:9:      grunt_temple_overflow_open, uniq_psyche
D:10:     david_lair_generic
D:11:     minmay_gate_of_8, orc_0_dummy, uniq_fannar, uniq_maurice
D:12:     serial_shops, shop, minivault_20, kennysheep_cluttered_room,
          minivault_14, minmay_misc_feat_roman
D:13:     lemuel_bear_cage, special_room
Temple:   cyrus_circular_temple
Lair:1:   basic_altar
Lair:3:   minmay_snake_entry_guardpost_small, portal_ice_cave_entry_pillars_1
Lair:4:   elwin_shoals_entry_stream, minivault_24
Lair:5:   slime_dummy, columned_hall_lemuel, fungi_pond_lemuel,
          beast_lair_carwin_11
Lair:6:   hangedman_lair_caniforms_friends
Orc:1:    uniq_urug
IceCv:    ice_cave_small_dragons

Skill      XL: |  1  2  3  4  5  6  7  8  9 10 11 12 13 14 |
---------------+-------------------------------------------+-----
Conjurations   | 5 7 8 9 10 | 10.5
Spellcasting   | 3 4 5 6 7 8 9 10 12 | 12.8
Charms         | 1 3 4 6 7 |  7.1
Fighting       | 3 6 8 10 11 | 11.5
Dodging        | 5 7 8 10 | 10.1
Stealth        | 4 |  4.2
Evocations     | 4 6 |  6.0
Invocations    | 2 5 |  5.6
Long Blades    | 4 5 |  5.8

Action                   |  1- 3 |  4- 6 |  7- 9 | 10-12 | 13-15 || total
-------------------------+-------+-------+-------+-------+-------++-------
Melee: Dagger            |    27 |    29 |       |       |       ||    56
       Constrict         |     7 |     6 |     6 |    11 |    23 ||    53
       Tentacles         |     2 |       |     2 |    15 |    26 ||    45
       Unarmed           |     1 |       |       |       |       ||     1
       Spear             |       |    10 |    38 |       |       ||    48
       Scimitar          |       |       |     1 |    76 |   159 ||   236
       Kick              |       |       |       |    17 |    19 ||    36
       Staff             |       |       |       |       |     1 ||     1
Throw: Throwing net      |       |       |     1 |       |     1 ||     2
 Cast: Magic Dart        |    56 |   105 |   167 |   346 |   379 ||  1053
       Searing Ray       |     1 |    14 |    61 |    60 |    39 ||   175
       Iskenderun's Batt |       |       |     3 |    58 |   103 ||   164
       Iskenderun's Myst |       |       |       |       |    58 ||    58
       Dazzling Spray    |       |       |       |       |     4 ||     4
Evoke: Wand              |       |     6 |       |       |     5 ||    11
  Use: Scroll            |       |     5 |     5 |    18 |    15 ||    43
       Potion            |       |     2 |     5 |     2 |     3 ||    12
 Stab: Sleeping          |     4 |       |       |     1 |     2 ||     7
       Confused          |       |     1 |       |       |       ||     1
       Paralysed         |       |       |       |       |    15 ||    15
  Eat: Chunk             |     4 |     8 |    14 |    37 |    34 ||    97
       Pizza             |       |     1 |       |     2 |     3 ||     6
       Fruit             |       |       |     5 |     6 |       ||    11
       Bread ration      |       |       |     1 |     1 |     2 ||     4
       Royal jelly       |       |       |       |     1 |     1 ||     2
       Beef jerky        |       |       |       |     1 |     1 ||     2
       Meat ration       |       |       |       |       |     1 ||     1
Armor: Skin              |     2 |    36 |    18 |     6 |     9 ||    71
Dodge: Dodged            |    17 |    53 |    70 |   193 |   235 ||   568
       Rpst.: Scimitar   |       |       |       |    53 |    50 ||   103
